 Dungeon Crawl Stone Soup version 0.22-a0-782-g038298e (webtiles) character file.

127759 Amnesiac the Thaumaturge (level 16, -2/117 HPs)
             Began as a Mummy Earth Elementalist on July 19, 2018.
             Was the Champion of Vehumet.
             Slain by a tarantella (16 damage)
             ... on level 3 of the Lair of Beasts.
             The game lasted 01:14:15 (29539 turns).

Amnesiac the Thaumaturge (MuEE)                    Turns: 29539, Time: 01:14:15

Health: -2/117     AC: 10    Str: 15    XL:     16   Next: 46%
Magic:  51/51      EV: 13    Int: 23    God:    Vehumet [******]
Gold:   1896       SH:  0    Dex: 13    Spells: 7/42 levels left

rFire    + . .     SeeInvis +   a - staff of earth
rCold    + . .     Gourm    .   C - +3 shield of the Sunfish {rF++ rC- rCorr Int+3}
rNeg     + + +     Faith    .   v - +2 robe {rC+}
rPois    ∞         Spirit   .   s - +0 helmet {SInv}
rElec    .         Reflect  +   h - +1 cloak
rCorr    +         Harm     .   u - +1 pair of gloves
MR       ++...                  P - +0 pair of boots of the Heavens {Slay+2}
Stlth    +.........             D - +5 amulet of reflection
HPRegen  0.29/turn              V - ring "Rarauqer" {MP+9 Str+3}
MPRegen  0.32/turn              A - ring of magical power

@: confused, heavily drained
A: no food or potions, fire vulnerability, cold resistance 1, negative energy
resistance 3, torment resistance, unbreathing, in touch with death 1
a: Renounce Religion


You were on level 3 of the Lair of Beasts.
You worshipped Vehumet.
Vehumet was exalted by your worship.
You were not hungry.

You visited 4 branches of the dungeon, and saw 24 of its levels.
You also visited: Trove and Ice Cave.

You collected 2798 gold pieces.
You spent 902 gold pieces at shops.

Inventory:

Hand Weapons
 b - the +7 spear "Micocval" {speed, rElec rPois Int+9 Dex-2}
   (You found it on level 1 of the Lair of Beasts)

   Attacks with this weapon are significantly faster.
   It affects your intelligence (+9).
   It affects your dexterity (-2).
   It insulates you from electricity.
   It protects you from poison.
Missiles
 j - 228 stones (quivered)
Armour
 h - a +1 cloak (worn)
 s - a +0 helmet of see invisible (worn)
 u - a +1 pair of gloves (worn)
 v - a +2 robe of cold resistance (worn)
 C - the +3 shield of the Sunfish (worn) {rF++ rC- rCorr Int+3}
   (You bought it in a shop on level 2 of the Orcish Mines)

   It affects your intelligence (+3).
   It greatly protects you from fire.
   It makes you vulnerable to cold.
   It provides partial protection from all sources of acid and corrosion.
 P - the +0 pair of boots of the Heavens (worn) {Slay+2}
   (You found it on level 5 of the Lair of Beasts)

   It affects your accuracy and damage with ranged weapons and melee attacks
   (+2).
Magical Staves
 a - an uncursed staff of earth (weapon)
Jewellery
 d - an uncursed amulet of magic regeneration
 A - a ring of magical power (right hand)
 D - a +5 amulet of reflection (around neck)
 T - the ring of Hatuoh {-Tele +Fly rC+ Dex+8 Slay+3}
   (You found it in a treasure trove)

   [ring of protection from cold]

   It affects your dexterity (+8).
   It affects your accuracy and damage with ranged weapons and melee attacks
   (+3).
   It protects you from cold.
   It lets you fly.
   It prevents most forms of teleportation.
 V - the ring "Rarauqer" (left hand) {MP+9 Str+3}
   (You found it in a treasure trove)

   [ring of magical power]

   It affects your strength (+3).
   It affects your magic capacity (+9).
Wands
 k - a wand of disintegration (9)
 n - a wand of enslavement (7)
 y - a wand of iceblast (25)
 G - a wand of digging (29)
 I - a wand of acid (19)
 N - a wand of paralysis (12)
 O - a wand of scattershot (11)
Scrolls
 e - 10 scrolls of teleportation {!r}
 f - a scroll of remove curse {!r}
 g - a scroll of vulnerability {!r}
 i - 9 scrolls of identify {!r}
 l - 3 scrolls of blinking {!r}
 p - 3 scrolls of torment {!r}
 r - 6 scrolls of magic mapping {!r}
 t - a scroll of silence {!r}
 w - a scroll of fog {!r}
 E - 4 scrolls of enchant armour {!r}
 J - a scroll of noise {!r}
 M - a scroll of amnesia {!r}
Potions
 K - a potion of mutation {!q}


   Skills:
 - Level 8.0(6.6) Fighting
 - Level 12.0(10.4) Staves
 - Level 6.5(5.1) Dodging
 - Level 1.5(0.4) Stealth
 + Level 8.2(6.8) Shields
 + Level 13.8(12.2) Spellcasting
 - Level 0.7(0.0) Transmutations
 * Level 13.8(12.2) Earth Magic
 - Level 9.0(7.5) Evocations


You had 7 spell levels left.
You knew the following spells:

 Your Spells              Type           Power        Failure   Level  Hunger
a - Stone Arrow           Conj/Erth      ######       1%          3    N/A
b - Passwall              Tmut/Erth      ######..     1%          2    N/A
c - Sandblast             Erth           ######       1%          1    N/A
d - Lee's Rapid Deconstr  Erth           #######...   1%          5    N/A
e - Petrify               Tmut/Erth      ######..     10%         4    N/A
f - Lehudib's Crystal Sp  Conj/Erth      ######....   100%        8    N/A
g - Shatter               Erth           #######...   100%        9    N/A
h - Summon Butterflies    Summ           ##......     13%         1    N/A
v - Blink                 Tloc           N/A          19%         2    N/A

Your spell library contained the following spells:

 Spells                   Type           Power        Failure   Level  Hunger
 Magic Dart               Conj           ##..         3%          1    N/A
 Apportation              Tloc           ##....       13%         1    N/A
 Conjure Flame            Conj/Fire      ##......     11%         3    N/A
 Slow                     Hex            ##......     19%         2    N/A
 Confuse                  Hex            ##......     36%         3    N/A
 Invisibility             Hex            ##......     100%        6    N/A
 Freezing Cloud           Conj/Ice/Air   ##........   98%         6    N/A
 Mephitic Cloud           Conj/Pois/Air  ##......     11%         3    N/A
 Ring of Flames           Chrm/Fire      ##........   100%        7    N/A
 Death's Door             Chrm/Necr      ###.......   100%        8    N/A
 Bolt of Draining         Conj/Necr      ###.......   63%         5    N/A
 Summon Horrible Things   Summ           ##........   100%        8    N/A
 Animate Dead             Necr           N/A          77%         4    N/A
 Pain                     Necr           ###.         13%         1    N/A
 Animate Skeleton         Necr           N/A          13%         1    N/A
 Vampiric Draining        Necr           ###.......   36%         3    N/A
 Haunt                    Necr/Summ      ###.......   100%        7    N/A
 Borgnjor's Revivificati  Necr           ###.......   100%        8    N/A
 Call Imp                 Summ           ##......     19%         2    N/A
 Dispel Undead            Necr           ###.....     98%         5    N/A
 Regeneration             Chrm/Necr      ###.......   36%         3    N/A
 Sublimation of Blood     Necr           ###.......   19%         2    N/A
 Tukima's Dance           Hex            ##......     36%         3    N/A
 Summon Greater Demon     Summ           ##........   100%        7    N/A
 Corpse Rot               Necr           N/A          19%         2    N/A
 Agony                    Necr           ###.....     98%         5    N/A
 Spider Form              Tmut/Pois      ##........   36%         3    N/A
 Blade Hands              Tmut           ##........   98%         5    N/A
 Ice Form                 Ice/Tmut       ##......     77%         4    N/A
 Necromutation            Tmut/Necr      ###.......   100%        8    N/A
 Confusing Touch          Hex            ##....       13%         1    N/A
 Sticks to Snakes         Tmut           ##......     19%         2    N/A
 Ensorcelled Hibernation  Hex/Ice        ##....       19%         2    N/A
 Metabolic Englaciation   Hex/Ice        ##........   98%         5    N/A
 Corona                   Hex            ##.....      13%         1    N/A
 Alistair's Intoxication  Tmut/Pois      ##......     98%         5    N/A
 Excruciating Wounds      Chrm/Necr      ###.......   98%         5    N/A
 Monstrous Menagerie      Summ           ##........   100%        7    N/A
 Malign Gateway           Summ/Tloc      ##........   100%        7    N/A
 Beastly Appendage        Tmut           ##....       13%         1    N/A
 Dazzling Spray           Conj/Hex       ##....       11%         3    N/A
 Gell's Gravitas          Tloc           ##........   36%         3    N/A
 Yara's Violent Unravell  Hex/Tmut       ##........   63%         5    N/A
 Infestation              Necr           ###.......   100%        8    N/A
 Lesser Beckoning         Tloc           ##........   36%         3    N/A
 Poisonous Vapours        Pois/Air       ##....       19%         2    N/A

Dungeon Overview and Level Annotations

Branches:
Dungeon (15/15)            Temple (0/1) D:4            Lair (6/6) D:11
 Shoals (0/4) Lair:2       Spider (1/4) Lair:3        Slime (0/5) Lair:6
    Orc (2/2) D:11            Elf (0/3) Orc:2        Vaults (0/5) D:14
 Depths (0/5) D:15

Altars:
Ashenzari
Cheibriados
Dithmenos
Elyvilon
Gozag
Okawaru
Trog
Uskayaw
Vehumet
Xom
Yredelemnul
Beogh

Shops:
D:10 ?   D:11 ?   D:14 (   Orc:2 =[*(


Innate Abilities, Weirdness & Mutations

You do not eat or drink.
Your flesh is vulnerable to fire.
You are immune to poison.
Your flesh is cold resistant. (rC+)
You are immune to negative energy. (rN+++)
You are immune to unholy pain and torment.
You can survive without breathing.
You are in touch with the powers of death.


Message History

The tarantella bites you but does no damage.
The tarantella misses you.
The redback bites you but does no damage.
You climb upwards.
Welcome back to the Lair of Beasts!
There is a hole to the Spider Nest here.
You bump into the rock wall.
The tarantella bites you! x2
You are more confused.
The redback misses you. The tarantella closely misses you.
The tarantella bites you but does no damage.
The redback bites you!
The tarantella bites you but does no damage.
The tarantella barely misses you. The redback bites you!
You see here a redback corpse.
You bump into the rock wall.
The tarantella bites you. The tarantella closely misses you.
You're too confused to attack without stumbling around!
You're too confused to attack without stumbling around!
You bump into the rock wall.
The tarantella completely misses you.
You hit the tarantella!
The tarantella is moderately wounded.
The tarantella bites you!
* * * LOW HITPOINT WARNING * * *
You are more confused.
The tarantella bites you!
* * * LOW HITPOINT WARNING * * *
You hit the tarantella but do no damage.
The tarantella is moderately wounded.
The tarantella bites you but does no damage.
You bump into the rock wall.
The tarantella barely misses you.
You hit the tarantella. You crush the tarantella!
The tarantella is severely wounded.
The tarantella closely misses you.
You miss the tarantella.
The tarantella is severely wounded.
The tarantella bites you.
* * * LOW HITPOINT WARNING * * *
You are more confused.
You hit the tarantella.
The tarantella is almost dead.
The tarantella bites you.
* * * LOW HITPOINT WARNING * * *
You are more confused.
You bump into the rock wall.
The tarantella completely misses you. The tarantella bites you.
* * * LOW HITPOINT WARNING * * *
You bump into the rock wall.
The tarantella bites you!
* * * LOW HITPOINT WARNING * * *
Your shield prevents you from hitting the tarantella.
The tarantella is almost dead.
The tarantella bites you but does no damage.
You miss the tarantella.
The tarantella is almost dead.
The tarantella bites you but does no damage.
You're too confused!
You can't drink.
You're too confused to move!
The tarantella closely misses you.
The redback bites you but does no damage.
The tarantella barely misses you.
You're too confused to move!
The redback bites you but does no damage.
The tarantella bites you.
* * * LOW HITPOINT WARNING * * *
The tarantella bites you!
You die...

#.........YYY######..##
##... .........#.### #.##
##... #......†..## ##.#
#PP.. ###.PP+.### #P.#
#..P. ####.#########
##.#### ####P
#####..##P.##..####'##.#
##
..........ss†#.s%......#
............##..s......##
............#P.s@.%.....#
............#.%......%.##
.......................#
.................%.....#
.......[...............#
.!...........#....%....#
............##.....%...#
.............#####....P#
..#...#..+P### ##....##


You could see 2 tarantellas and a redback.

Vanquished Creatures
  A lich (D:12)
  A ghost moth (Spider:1)
  An orc warlord (Orc:2)
  A very ugly thing (D:9)
  2 ettins
  The ghost of ThereIsNoGod the Martial Artist, a journeyman GnTm of Ru (D:12)
  A fire dragon (Lair:6)
  6 hydras
  A catoblepas (Lair:2)
  6 centaur warriors
  12 two-headed ogres
  4 ogre magi
  3 orc high priests (Orc:2)
  The ghost of kirsanium the Martial Artist, a novice OpTm of Cheibriados (D:9)
  2 tengu warriors (D:15)
  A hell knight (D:15)
  Sonja (D:10)
  Urug (D:15)
  A fire crab (Lair:6)
  4 skeletal warriors
  4 unseen horrors
  A phantasmal warrior (D:12)
  Pikel (D:4)
  3 necromancers
  4 deep elf magi
  4 orc knights
  4 oklob plants (Lair:4)
  4 cyclopes
  9 orc sorcerers
  12 ugly things
  A moth of wrath (Spider:1)
  18 elephants
  2 manticores
  5 black mambas
  A guardian serpent (shapeshifter) (D:12)
  An eye of devastation (Lair:6)
  An ice statue (IceCv)
  Joseph (D:7)
  2 torpor snails
  A gargoyle (D:13)
  3 molten gargoyles (Lair:6)
  11 spiny frogs
  5 rime drakes
  10 komodo dragons
  A redback zombie (D:15)
  A kobold demonologist (D:14)
  A yaktaur (D:15)
  A merfolk (D:12)
  2 queen bees
  7 trolls
  4 meliai
  16 polar bears
  A hornet (D:10)
  3 slime creatures (D:12)
  15 dream sheep
  11 blink frogs
  15 hippogriffs
  4 flying skulls (D:9)
  A spriggan (shapeshifter) (D:15)
  5 shadows
  A tarantella (shapeshifter) (D:9)
  10 wraiths
  A vampire (D:11)
  3 redbacks (Lair:3)
  A fire elemental (Lair:4)
  55 yaks
  3 fire bats (Lair:1)
  6 wyverns
  5 basilisks
  2 hungry ghosts
  A neqoxec (D:9)
  4 vampire mosquitoes
  A steam dragon (D:11)
  5 wargs
  Edmund (D:5)
  A soldier ant (D:13)
  An acid dragon (D:15)
  4 hell hounds (Lair:6)
  10 porcupines
  Duvessa (D:5)
  13 water moccasins
  27 orc warriors
  2 ice beasts
  2 black bears
  2 slaves (D:4)
  4 sky beasts
  2 eyes of draining
  36 wolves
  17 ogres
  An eye of draining (shapeshifter) (D:9)
  2 phantoms
  12 centaurs
  21 crocodiles
  4 big kobolds
  14 bullfrogs
  A gnoll sergeant (D:12)
  Blork the orc (D:4)
  A wyvern zombie (D:9)
  A bullfrog (shapeshifter) (D:9)
  A wyvern skeleton (D:6)
  6 scorpions
  Dowan (D:5)
  A water moccasin skeleton (D:9)
  69 killer bees
  7 wights
  2 howler monkeys
  4 electric eels
  5 crimson imps
  4 lava snakes (Lair:6)
  3 centaur zombies
  5 bullfrog zombies
  5 jellies
  4 hounds
  12 orc priests
  7 centaur skeletons
  2 bullfrog skeletons
  Jessica (D:2)
  5 iguanas
  15 orc wizards
  3 hell rats (Lair:5)
  8 worker ants
  A killer bee zombie (D:9)
  A bullfrog simulacrum (D:12)
  A hound zombie (D:9)
  6 hound skeletons
  4 gnolls (D:12)
  A howler monkey skeleton (D:9)
  15 adders
  8 river rats
  8 shadow imps
  4 adder zombies
  2 adder skeletons
  4 worms
  2 dart slugs
  5 leopard geckos
  82 orcs
  3 ball pythons
  6 giant cockroaches
  8 goblins
  8 hobgoblins
  11 jackals
  3 quokkas
  6 bats
  4 frilled lizards
  16 kobolds
  A leopard gecko skeleton (D:9)
  A leopard gecko zombie (D:5)
  A quokka skeleton (D:8)
  17 rats
  A spectral orc (D:3)
  4 fungi
930 creatures vanquished.

Vanquished Creatures (others)
  An orc high priest (Orc:2)
  A cyclops (D:14)
  An orc warrior (Orc:2)
  An ogre (Orc:2)
  2 wolves (IceCv)
  2 bushes (D:11)
  A butterfly (Lair:4)
  25 fungi
  32 plants
66 creatures vanquished.

Grand Total: 996 creatures vanquished

Notes
Turn   | Place    | Note
-------+----------+-------------------------------------------
     0 | D:1      | Amnesiac the Mummy Earth Elementalist began the quest for the Orb.
     0 | D:1      | Reached XP level 1. HP: 13/13 MP: 4/4
   178 | D:3      | Found a basalt altar of Yredelemnul.
   199 | D:3      | Found a radiant altar of Vehumet.
   228 | D:3      | Found an iron altar of Okawaru.
   278 | D:3      | Reached XP level 2. HP: 20/20 MP: 5/5
   282 | D:3      | Learned a level 2 spell: Passwall
   321 | D:3      | Became a worshipper of Vehumet
   640 | D:1      | HP: 1/20 [hobgoblin/club (6)]
  1184 | D:2      | Reached skill level 1 in Fighting
  1184 | D:2      | Reached XP level 3. HP: 26/26 MP: 4/7
  1252 | D:2      | Found a shattered altar of Ashenzari.
  1265 | D:2      | Reached * piety under Vehumet
  1265 | D:2      | Offered knowledge of Flame Tongue by Vehumet.
  1279 | D:2      | Learned a level 3 spell: Stone Arrow
  1340 | D:2      | Reached XP level 4. HP: 16/32 MP: 6/9
  1728 | D:2      | Noticed Jessica
  1737 | D:2      | Killed Jessica
  1968 | D:3      | Found a shadowy altar of Dithmenos.
  2351 | D:3      | Found a sparkling altar of Nemelex Xobeh.
  2353 | D:3      | Found a hide-covered altar of Uskayaw.
  2353 | D:3      | Found a shimmering altar of Xom.
  2355 | D:3      | Found a white marble altar of Elyvilon.
  2355 | D:3      | Found an iron altar of Okawaru.
  2355 | D:3      | Found a shadowy altar of Dithmenos.
  2456 | D:4      | Found a staircase to the Ecumenical Temple.
  2485 | D:4      | Reached XP level 5. HP: 31/37 MP: 9/11
  2606 | D:4      | Reached skill level 1 in Shields
  2613 | D:4      | Learned a level 5 spell: Lee's Rapid Deconstruction
  2618 | D:4      | Offered knowledge of Shock by Vehumet.
  2631 | D:4      | Reached ** piety under Vehumet
  2637 | D:4      | Noticed Blork the orc
  2749 | D:4      | Killed Blork the orc
  2749 | D:4      | Reached XP level 6. HP: 18/43 MP: 8/12
  2996 | D:4      | Noticed a slave
  2996 | D:4      | Noticed a slave
  3037 | D:4      | Killed a slave
  3160 | D:4      | Reached skill level 5 in Earth Magic
  3168 | D:4      | Noticed a slave
  3196 | D:4      | Killed a slave
  3309 | D:4      | Noticed Pikel
  3336 | D:4      | Killed Pikel
  3336 | D:4      | Reached skill level 5 in Spellcasting
  3336 | D:4      | Reached XP level 7. HP: 43/48 MP: 13/15
  3622 | D:5      | Entered Level 5 of the Dungeon
  3680 | D:5      | Noticed Edmund
  3697 | D:5      | Killed Edmund
  3697 | D:5      | Reached XP level 8. HP: 45/54 MP: 17/17
  3933 | D:5      | Noticed Duvessa
  3935 | D:5      | Noticed Dowan
  3936 | D:5      | Noticed a hippogriff
  3958 | D:5      | Killed Dowan
  3983 | D:5      | Killed a hippogriff
  4009 | D:5      | Killed Duvessa
  4070 | D:5      | Learned a level 4 spell: Petrify
  4283 | D:5      | Offered knowledge of Throw Frost by Vehumet.
  4406 | D:5      | Found a hide-covered altar of Uskayaw.
  4706 | D:6      | Noticed a hippogriff
  4726 | D:6      | Killed a hippogriff
  4752 | D:6      | Reached XP level 9. HP: 36/59 MP: 20/20
  4853 | D:6      | Found a white marble altar of Elyvilon.
  5305 | D:6      | You fall through a shaft for 3 floors!
  5332 | D:9      | Reached *** piety under Vehumet
  5419 | D:9      | Found a runed gate.
  5419 | D:9      | Found a runed gate.
  5428 | D:9      | Found a runed gate.
  5428 | D:9      | Noticed a glowing orange brain
  5636 | D:9      | Noticed a necromancer
  5675 | D:9      | Noticed a purple very ugly thing
  5677 | D:9      | Noticed a purple ugly thing
  5682 | D:10     | Entered Level 10 of the Dungeon
  5961 | D:9      | Killed a necromancer
  5984 | D:9      | Noticed a two-headed ogre
  6168 | D:9      | Killed a two-headed ogre
  6168 | D:9      | Reached XP level 10. HP: 65/65 MP: 4/23
  6281 | D:9      | Offered knowledge of Ignite Poison by Vehumet.
  6299 | D:9      | Noticed a necromancer
  6326 | D:9      | Killed a necromancer
  6502 | D:8      | Got an ancient whip
  6519 | D:7      | Noticed Joseph
  6541 | D:7      | Killed Joseph
  6574 | D:7      | Identified the cursed +0 whip of the Lamprey {freeze, rPois Stlth+} (You found it on level 8 of the Dungeon)
  6690 | D:7      | Reached **** piety under Vehumet
  6829 | D:7      | Offered knowledge of Bolt of Draining by Vehumet.
  7301 | D:8      | Reached skill level 10 in Earth Magic
  7404 | D:8      | Reached skill level 10 in Spellcasting
  7470 | D:8      | Found an opulent altar of Gozag.
  7607 | D:8      | Identified a scroll of acquirement {!r}
  7726 | D:8      | Reached ***** piety under Vehumet
  7765 | D:8      | Offered knowledge of Force Lance by Vehumet.
  7963 | D:8      | Found a snail-covered altar of Cheibriados.
  8214 | D:9      | Reached XP level 11. HP: 45/77 MP: 3/25
  8764 | D:9      | Noticed a red ugly thing
  8764 | D:9      | Noticed a purple ugly thing
  9089 | D:9      | Killed a green ugly thing
  9089 | D:9      | Killed a brown ugly thing
  9091 | D:9      | Killed a green ugly thing
  9091 | D:9      | Reached skill level 5 in Fighting
  9212 | D:9      | Found a runed gate.
  9212 | D:9      | Found a runed gate.
  9216 | D:9      | Found a runed gate.
  9218 | D:9      | Noticed kirsanium's ghost (novice OpTm)
  9224 | D:9      | Killed kirsanium's ghost
  9409 | D:9      | Killed a green very ugly thing
  9616 | D:9      | Learned a level 1 spell: Sandblast
  9709 | D:10     | Found Geong's Magic Scroll Boutique.
  9709 | D:10     | Noticed a two-headed ogre
  9718 | D:10     | Killed a two-headed ogre
  9813 | D:10     | Bought a scroll of blinking for 97 gold pieces
  9843 | D:10     | Reached skill level 1 in Evocations
  9914 | D:10     | Killed an unseen horror
 10006 | D:10     | Noticed a deep elf mage
 10008 | D:10     | Killed a deep elf mage
 10283 | D:10     | Reached skill level 1 in Staves
 10283 | D:10     | Reached XP level 12. HP: 86/86 MP: 4/28
 10552 | D:10     | Got a transparent crystal amulet
 10572 | D:10     | Noticed Sonja
 10576 | D:10     | Killed Sonja
 10650 | D:10     | Got a pitted crystal amulet
 10705 | D:10     | Noticed a centaur warrior
 10707 | D:10     | Killed a centaur warrior
 10898 | D:11     | Noticed a six-headed hydra
 11145 | D:11     | Found Poafug's Magic Scroll Boutique.
 11240 | D:11     | Offered knowledge of Iskenderun's Battlesphere by Vehumet.
 11436 | D:11     | Found a staircase to the Lair.
 11456 | D:11     | Reached skill level 5 in Evocations
 11466 | D:11     | Found a staircase to the Orcish Mines.
 11526 | D:11     | Killed a six-headed hydra
 11719 | D:11     | Found a roughly hewn altar of Beogh.
 11763 | D:11     | Reached ****** piety under Vehumet
 11767 | D:11     | Offered knowledge of Orb of Destruction by Vehumet.
 11841 | D:11     | Noticed a four-headed hydra
 11851 | D:11     | Killed a four-headed hydra
 12009 | Lair:1   | Entered Level 1 of the Lair of Beasts
 12047 | Lair:1   | Noticed a six-headed hydra
 12054 | Lair:1   | Killed a six-headed hydra
 12114 | Lair:1   | Found a frozen archway.
 12123 | IceCv    | Entered an ice cave
 12308 | IceCv    | Gained mutation: You are in touch with the powers of death. [Mummy growth]
 12308 | IceCv    | Reached XP level 13. HP: 66/91 MP: 3/29
 12566 | IceCv    | Noticed a frost giant
 13114 | Lair:1   | Reached skill level 5 in Staves
 13120 | Lair:1   | Got a brightly glowing spear
 13790 | Lair:2   | Offered knowledge of Poison Arrow by Vehumet.
 14497 | Lair:2   | Found a staircase to the Shoals.
 15062 | Lair:3   | Reached XP level 14. HP: 85/98 MP: 11/30
 15322 | Lair:3   | Found a hole to the Spider Nest.
 15502 | Lair:3   | Offered knowledge of Conjure Ball Lightning by Vehumet.
 15807 | Lair:4   | Reached skill level 10 in Staves
 16372 | Lair:4   | Offered knowledge of Bolt of Cold by Vehumet.
 17792 | Lair:5   | Got a pair of faintly humming boots
 17798 | Lair:5   | Identified the cursed +0 pair of boots of the Heavens {Slay+2} (You found it on level 5 of the Lair of Beasts)
 17936 | Lair:5   | Learned a level 2 spell: Blink
 18073 | Lair:5   | Identified the +7 spear "Micocval" {speed, rElec rPois Int+9 Dex-2} (You found it on level 1 of the Lair of Beasts)
 18428 | Lair:6   | Entered Level 6 of the Lair of Beasts
 18681 | Lair:6   | HP: 2/99 [black mamba (14)]
 19111 | Lair:6   | Reached skill level 5 in Shields
 19143 | Lair:6   | Found a staircase to the Slime Pits.
 19154 | Lair:6   | Reached skill level 5 in Dodging
 19177 | Lair:6   | Offered knowledge of Spellforged Servitor by Vehumet.
 19627 | Lair:6   | Reached XP level 15. HP: 53/107 MP: 26/31
 19907 | Lair:6   | Found a large runed door.
 20056 | Lair:6   | Found a large runed door.
 20731 | Orc:1    | Entered Level 1 of the Orcish Mines
 21254 | Orc:1    | Found a roughly hewn altar of Beogh.
 21398 | Orc:2    | Entered Level 2 of the Orcish Mines
 21403 | Orc:2    | Offered knowledge of Lehudib's Crystal Spear by Vehumet.
 21403 | Orc:2    | Offered knowledge of Glaciate by Vehumet.
 21403 | Orc:2    | Offered knowledge of Shatter by Vehumet.
 21423 | Orc:1    | Learned a level 8 spell: Lehudib's Crystal Spear
 21433 | Orc:1    | Learned a level 9 spell: Shatter
 21434 | Orc:1    | Identified the amulet "Zoajeffu" {Reflect Str+3 SH+4} (You found it on level 10 of the Dungeon)
 21441 | Orc:1    | Identified the amulet "Maticzu" {Gourm rElec Dex+4} (You found it on level 10 of the Dungeon)
 21850 | Orc:2    | Found Zeysm's Jewellery Emporium.
 22076 | Orc:2    | Found a staircase to the Elven Halls.
 22451 | Orc:2    | Found Tuppyequq's General Store.
 22453 | Orc:2    | Noticed an orc warlord
 22985 | Orc:2    | Killed an orc warlord
 23187 | Orc:2    | Found Oroawa's Antique Weapon Emporium.
 23426 | Orc:2    | Found a roughly hewn altar of Beogh.
 23501 | Orc:2    | Found Olyiclid's Antique Armour Shoppe.
 23945 | Orc:2    | Bought a runed helmet for 180 gold pieces
 23945 | Orc:2    | Bought a spiked shield for 228 gold pieces
 23966 | Orc:2    | Identified the +3 shield of the Sunfish {rF++ rC- rCorr Int+3} (You bought it in a shop on level 2 of the Orcish Mines)
 24062 | D:12     | Found a shattered altar of Ashenzari.
 24308 | D:12     | Got a faintly humming ring mail
 24381 | D:12     | Identified the cursed +1 ring mail "Kirhynn" {rC+ MR- Dex+3} (You found it on level 12 of the Dungeon)
 24395 | D:12     | Found a runed door.
 24467 | D:12     | Found a runed door.
 24640 | D:12     | Noticed ThereIsNoGod's ghost (journeyman GnTm)
 24655 | D:12     | Killed ThereIsNoGod's ghost
 24664 | D:12     | Noticed a lich
 24825 | D:12     | Killed a lich
 25043 | D:12     | Got a jewelled mace {pain}
 25571 | D:12     | Found a runed door.
 26351 | D:14     | Reached XP level 16. HP: 117/117 MP: 30/33
 26676 | D:14     | Found a portal to a secret trove of treasure.
 26748 | D:14     | Found a bloodstained altar of Trog.
 26946 | D:14     | Found Paorutre's Weapon Boutique.
 27270 | D:14     | Found a gate to the Vaults.
 27326 | D:15     | Entered Level 15 of the Dungeon
 27362 | D:15     | Learned a level 1 spell: Summon Butterflies
 28088 | D:15     | Found a staircase to the Depths.
 28125 | D:15     | Noticed Urug
 28134 | D:15     | Killed Urug
 28140 | D:15     | Identified the +6 mace of Dishonour {pain, *Noise +Blink rN+++} (You took it off a skeletal warrior on level 12 of the Dungeon)
 28789 | D:11     | Bought a scroll of enchant weapon for 97 gold pieces
 28847 | D:10     | Bought 2 scrolls of enchant weapon for 195 gold pieces
 28918 | Orc:2    | Bought a scroll of enchant weapon for 105 gold pieces
 29029 | D:14     | You paid a toll of a +7 demon trident to enter a treasure trove
 29030 | Trove    | Entered a treasure trove
 29040 | Trove    | Got a heavily runed tin ring
 29049 | Trove    | Got a steaming granite ring
 29057 | Trove    | Got a wavering iron ring
 29061 | Trove    | Got a glittering lapis lazuli ring
 29066 | Trove    | Got a twitching bronze ring
 29080 | D:14     | Identified the ring of Gorrado {*Drain rC+ Str+4 Int+2} (You found it in a treasure trove)
 29093 | D:14     | Identified the ring of Hatuoh {-Tele +Fly rC+ Dex+8 Slay+3} (You found it in a treasure trove)
 29095 | D:14     | Identified the ring "Rarauqer" {MP+9 Str+3} (You found it in a treasure trove)
 29097 | D:14     | Identified the cursed ring of Nitsyxu {rElec rF+ rN+++ Str-2 Int-4 Dex-3} (You found it in a treasure trove)
 29110 | D:14     | Identified the ring of Elitism {+Blink rF+ Stlth+} (You found it in a treasure trove)
 29354 | Spider:1 | Entered Level 1 of the Spider Nest
 29539 | Lair:3   | Slain by a tarantella

Vault maps used:
D:1:      dpeg_arrival_simpleton_c
D:2:      lemuel_doored_altar, first_ration, uniq_jessica
D:3:      lemuel_round_altar, yredelemnul_forgotten_temple_becter,
          doesnt_xom_only_xom, nicolae_overflow_hidden_temple, lemuel_tele_altar
D:4:      minmay_temple_entry_water_ring, minmay_misc_feat_square,
          uniq_blork_the_orc, uniq_pikel
D:5:      nicolae_overflow_crystal_walls, uniq_edmund, uniq_duvessa
D:6:      lemuel_round_altar
D:7:      uniq_joseph
D:8:      nicolae_gozag_cash_rules_everything_around_me, kennysheep_mini_moat
D:9:      hangedman_screamer, special_room,
          ploomutoo_gammafunk_ghost_potion_laboratory
D:10:     minmay_tri_box, serial_shops, nicolae_shop_waterfront, uniq_sonja
D:11:     minmay_lair_entry_grove, minmay_orc_entry_temple_small, serial_shops,
          shop
D:12:     minmay_the_grid_triangle_9x9_recursive_2_mashed, basic_altar,
          muffindrake_ghost_dual_entry, hangedman_fish_farm
D:13:     minivault_26
D:14:     hangedman_vaults_entry_quadrant_bands, serial_shops, shop,
          enter_trove_2, lemuel_crystal_altar
D:15:     hangedman_depths_entry_civil_slaughter, minmay_misc_feat_four_crosses,
          uniq_urug
Lair:1:   nicolae_volcano_entry_batcave, portal_ice_cave_entry_pillars_1,
          minivault_23, grunt_megastairs_4
Lair:2:   elwin_shoals_entry_rooms, grunt_megastairs_3, lemuel_fruit_fields
Lair:3:   dummy_spider_entry, serial_bayou_shore_a
Lair:4:   hangedman_what_comes_after_a, lemuel_another_geyser,
          lemuel_fruit_fields
Lair:5:   cheibrodos_lair_caveside_slide, kennysheep_abandoned_house,
          infiniplex_staircase_pool
Lair:6:   cheibrodos_lair_end_hotspot, minmay_slime_entry_eyes
Orc:1:    basic_altar
Orc:2:    grunt_orc_gardens, grunt_orc_garden, grunt_orc_garden,
          grunt_orc_garden, grunt_orc_garden, basic_altar
Trove:    trove_jewel_1
IceCv:    ice_cave_small_giant

Skill      XL: |  1  2  3  4  5  6  7  8  9 10 11 12 13 14 15 16 |
---------------+-------------------------------------------------+-----
Earth Magic    | 3 4 5 6 7 9 10 12 13 | 13.8
Spellcasting   | 3 4 5 6 7 9 10 12 13 | 13.8
Fighting       | 1 4 5 6 8 |  8.0
Shields        | 1 2 3 4 5 7 8 |  8.2
Dodging        | 3 4 5 6 |  6.5
Evocations     | 2 8 9 |  9.0
Staves         | 1 4 9 12 | 12.0
Stealth        | |  1.5
Transmutations | |  0.7

Action                   |  1- 3 |  4- 6 |  7- 9 | 10-12 | 13-15 | 16-18 || total
-------------------------+-------+-------+-------+-------+-------+-------++-------
Melee: Battleaxe         |    25 |       |       |       |       |       ||    25
       Mace              |    34 |    20 |       |       |       |       ||    54
       Dagger            |       |    89 |   199 |   139 |    13 |       ||   440
       Staff             |       |       |       |    48 |   545 |    49 ||   642
       Spear             |       |       |       |       |    19 |       ||    19
Throw: Tomahawk          |     1 |       |       |       |       |       ||     1
       Stone             |       |       |       |       |     1 |       ||     1
 Cast: Sandblast         |    25 |    22 |    34 |   185 |   204 |       ||   470
       Passwall          |     2 |       |     3 |     5 |     2 |       ||    12
       Lee's Rapid Decon |       |       |    21 |   154 |   348 |    81 ||   604
       Petrify           |       |       |    11 |    11 |    46 |     2 ||    70
       Stone Arrow       |       |       |       |    44 |   174 |    27 ||   245
       Blink             |       |       |       |       |     2 |       ||     2
Evoke: Wand              |       |       |       |     8 |     9 |       ||    17
       Box of beasts     |       |       |       |       |     1 |       ||     1
  Use: Scroll            |     3 |     2 |     2 |     9 |    16 |     6 ||    38
 Stab: Sleeping          |       |     2 |     4 |       |     1 |       ||     7
       Petrified         |       |       |    17 |    22 |    52 |       ||    91
       Petrifying        |       |       |       |     1 |     7 |       ||     8
Armor: Robe              |    10 |    21 |    43 |     2 |     8 |    22 ||   106
       Ring mail         |       |       |       |    97 |   209 |       ||   306
Dodge: Dodged            |    52 |    60 |   118 |   158 |   314 |    33 ||   735
Block: Buckler           |       |       |    42 |    78 |   131 |       ||   251
       Shield            |       |       |       |       |   131 |    74 ||   205
       Reflection        |       |       |       |       |    12 |    14 ||    26

Table legend:
 A = Spawn XP
 B = Non-spawn XP
 C = Spawn XP percentage of total XP
 D = Spawn monster count
 E = Non-spawn monster count
 F = Spawn count percentage of total count
 G = Total turns spent on level
                    A         B        C        D         E        F      G
               +---------+---------+-------+---------+---------+-------+---------
         Total |       0 |  182514 |   0.0 |       0 |     927 |   0.0 | 29539
               +---------+---------+-------+---------+---------+-------+---------
           D:1 |       0 |      29 |   0.0 |       0 |      19 |   0.0 |   896
           D:2 |       0 |     118 |   0.0 |       0 |      25 |   0.0 |   740
           D:3 |       0 |      28 |   0.0 |       0 |      10 |   0.0 |   862
           D:4 |       0 |    1113 |   0.0 |       0 |      25 |   0.0 |  1124
           D:5 |       0 |    1059 |   0.0 |       0 |      28 |   0.0 |  1002
           D:6 |       0 |     761 |   0.0 |       0 |       8 |   0.0 |   712
           D:7 |       0 |    1438 |   0.0 |       0 |      20 |   0.0 |   697
           D:8 |       0 |    1692 |   0.0 |       0 |      36 |   0.0 |   905
           D:9 |       0 |   11574 |   0.0 |       0 |      94 |   0.0 |  2577
          D:10 |       0 |    6750 |   0.0 |       0 |      30 |   0.0 |  1633
          D:11 |       0 |    9783 |   0.0 |       0 |      65 |   0.0 |  1515
          D:12 |       0 |   23213 |   0.0 |       0 |      60 |   0.0 |  1663
          D:13 |       0 |    3570 |   0.0 |       0 |      18 |   0.0 |   651
          D:14 |       0 |   10454 |   0.0 |       0 |      30 |   0.0 |  1270
          D:15 |       0 |   18003 |   0.0 |       0 |      32 |   0.0 |  1371
        Lair:1 |       0 |    4375 |   0.0 |       0 |      20 |   0.0 |   687
        Lair:2 |       0 |   10416 |   0.0 |       0 |      38 |   0.0 |  1197
        Lair:3 |       0 |   11751 |   0.0 |       0 |      69 |   0.0 |  1555
        Lair:4 |       0 |   17013 |   0.0 |       0 |      90 |   0.0 |  1446
        Lair:5 |       0 |    4472 |   0.0 |       0 |      38 |   0.0 |  1341
        Lair:6 |       0 |   18774 |   0.0 |       0 |      65 |   0.0 |  1887
      Spider:1 |       0 |    2153 |   0.0 |       0 |       2 |   0.0 |    11
         Orc:1 |       0 |    2971 |   0.0 |       0 |      30 |   0.0 |  1647
         Orc:2 |       0 |   13311 |   0.0 |       0 |      42 |   0.0 |  1264
         IceCv |       0 |    7693 |   0.0 |       0 |      33 |   0.0 |   842
               +---------+---------+-------+---------+---------+-------+---------
